 Dungeon Crawl Stone Soup version 0.21-a0-193-g085b6a0 (webtiles) character file.

9466 theRoog the Cleaver (level 11, -7/99 HPs)
             Began as a Minotaur Berserker on Aug 14, 2017.
             Was a High Priest of Trog.
             Mangled by a catoblepas (12 damage)
             ... on level 10 of the Dungeon.
             The game lasted 00:14:21 (8492 turns).

theRoog the Cleaver (Minotaur Berserker)            Turns: 8492, Time: 00:14:22

Health: -7/99      AC: 21    Str: 25    XL:     11   Next: 23%
Magic:  10/10      EV:  2    Int:  4    God:    Trog [*****.]
Gold:   623        SH:  0    Dex: 10    Spells: 10/10 levels left

rFire    . . .     SeeInvis +   v - +1 war axe (elec)
rCold    . . .     Gourm    +   H - +0 buckler
rNeg     + + +     Faith    .   Q - +1 plate armour
rPois    ∞         Spirit   .   T - +2 hat {SInv}
rElec    .         Reflect  .   (no cloak)
rCorr    +         Harm     .   f - +0 pair of gloves
MR       .....                  (no boots)
Stlth    ..........             B - amulet of the gourmand
HPRegen  0.26/turn              F - +2 ring of protection
MPRegen  0.12/turn              s - ring of resist corrosion

@: petrified, berserk cooldown, slowed
A: retaliatory headbutt, horns 2
a: Berserk, Trog's Hand, Brothers in Arms, Burn Spellbooks, Renounce Religion


You were on level 10 of the Dungeon.
You worshipped Trog.
Trog was extremely pleased with you.
You were not hungry.

You visited 1 branch of the dungeon, and saw 10 of its levels.

You collected 623 gold pieces.

Inventory:

Hand Weapons
 a - a +0 hand axe
 v - a +1 war axe of electrocution (weapon)
 I - a +0 war axe
Armour
 b - a +0 animal skin
 f - a +0 pair of gloves (worn)
 j - a +0 ring mail
 n - a +0 pair of gloves
 z - a +0 scale mail
 H - a +0 buckler (worn)
 Q - a +1 plate armour (worn)
 T - a +2 hat of see invisible (worn)
Jewellery
 s - a ring of resist corrosion (right hand)
 w - an uncursed ring of see invisible
 B - an amulet of the gourmand (around neck)
 F - a +2 ring of protection (left hand)
 J - an uncursed ring of poison resistance
 M - a +1 ring of protection
 N - an uncursed ring of ice
 P - an uncursed ring of protection from cold
 R - an uncursed ring of positive energy
Wands
 y - a wand of scattershot (6/9)
 G - a wand of flame (8/48)
 L - a wand of flame (10/48)
Scrolls
 d - 4 scrolls of remove curse
 e - 6 scrolls of enchant armour
 k - 3 scrolls of identify
 m - 4 scrolls of teleportation
 p - a scroll of fear {unknown}
 r - a scroll of immolation
 D - 2 scrolls of summoning
 E - 3 scrolls of magic mapping {unknown}
 K - a scroll of enchant weapon
 O - 2 scrolls of holy word
Potions
 g - 3 potions of mutation {unknown}
 h - a potion of degeneration {unknown}
 l - a potion of agility
 o - 3 potions of berserk rage {unknown}
 q - 3 potions of might {unknown}
 t - a potion of haste
 u - 3 potions of curing {unknown}
 A - 2 potions of heal wounds {unknown}
 C - a potion of magic
 S - a potion of invisibility {unknown}
Comestibles
 c - 2 bread rations
 i - a royal jelly
 x - 3 meat rations


   Skills:
 + Level 9.7 Fighting
 + Level 13.8 Axes
 + Level 10.7 Armour
 + Level 5.8 Dodging
 + Level 1.8 Stealth
 + Level 3.6 Shields


You had 10 spell levels left.
You didn't know any spells.

Dungeon Overview and Level Annotations

Branches:
Dungeon (10/15)            Temple (0/1) D:7            Lair (0/6) D:9
    Orc (0/2) D:10

Altars:
Xom

Shops:
D:8 %


Innate Abilities, Weirdness & Mutations

You reflexively headbutt those who attack you in melee.
You have a pair of horns on your head.


Message History

You feel yourself slow down. The catoblepas completely misses you.
You furiously retaliate!
You headbutt the catoblepas, but do no damage.
The catoblepas closely misses you.
The catoblepas breathes a plume of calcifying dust at you.
The blast of calcifying dust hits you!
* * * LOW HITPOINT WARNING * * *
You are engulfed in calcifying dust.
The catoblepas breathes a plume of calcifying dust at you.
The blast of calcifying dust hits you!
* * * LOW HITPOINT WARNING * * *
You are engulfed in calcifying dust.
You are slowing down.
You are engulfed in calcifying dust.
Your limbs have turned to stone.
The catoblepas gores you!!
* * * LOW HITPOINT WARNING * * *
The catoblepas gores you but does no damage.
You have turned to stone.
The catoblepas gores you!!
You die...

#.# #≈≈≈≈≈≈≈##...## ..#
#.. #.≈≈≈≈≈.#....#
#..##≈≈≈<≈≈≈##...#
#.##≈..≈≈≈..≈##..#
#.#.≈Y.≈.≈[.≈.#..#
#.#.$§§#'#≈≈$.#..##
#.#####.#Y..##.##...#....
........#####...#####.###
#§@Y§..............
##############.#### .>#
...# ....# ....(. .......
####....


You could see a catoblepas.

Vanquished Creatures
  Gastronok (D:10)
  The ghost of Cecillian the Bolt Thrower, a novice DsHu of Okawaru (D:8)
  Pikel (D:9)
  An elephant (D:9)
  A hornet (D:9)
  Prince Ribbit (D:6)
  2 hippogriffs
  5 yaks (D:10)
  Grum (D:9)
  2 hungry ghosts (D:8)
  2 basilisks (D:9)
  A water moccasin (D:8)
  2 black bears
  2 phantoms
  4 ice beasts
  2 sky beasts (D:6)
  A necrophage (D:9)
  A slave (D:9)
  2 centaurs
  4 ogres
  3 wolves (D:9)
  A big kobold (D:7)
  6 bullfrogs
  Blork the orc (D:4)
  A gnoll sergeant (D:7)
  A scorpion (D:8)
  3 howler monkeys
  A vampire bat (D:5)
  5 crimson imps
  A quasit (D:10)
  2 jellies
  2 bullfrog skeletons
  2 centaur skeletons
  7 orc wizards
  5 hounds
  3 iguanas
  9 worker ants
  A worker ant zombie (D:10)
  A howler monkey zombie (D:6)
  7 adders
  19 gnolls
  A shadow imp (D:5)
  2 oozes
  An adder zombie (D:6)
  3 adder skeletons
  3 worms
  4 dart slugs
  3 fire bats (D:5)
  6 leopard geckos
  14 orcs
  2 spectral bats (D:5)
  3 bat skeletons (D:5)
  A bat zombie (D:5)
  7 giant cockroaches
  9 hobgoblins
  18 jackals
  8 quokkas
  3 ball pythons
  19 bats
  A bat simulacrum (D:5)
  10 frilled lizards
  6 goblins
  A jackal skeleton (D:6)
  13 kobolds
  A quokka zombie (D:6)
  4 rats
  A fungus (D:9)
  2 plants (D:2)
264 creatures vanquished.

Vanquished Creatures (others)
  A hippogriff (D:9)
  A leopard gecko (D:9)
2 creatures vanquished.

Grand Total: 266 creatures vanquished

Notes
Turn   | Place    | Note
-------+----------+-------------------------------------------
     0 | D:1      | theRoog the Minotaur Berserker began the quest for the Orb.
     0 | D:1      | Reached XP level 1. HP: 19/19 MP: 0/0
   219 | D:1      | Reached XP level 2. HP: 23/27 MP: 1/1
   222 | D:1      | Reached skill level 4 in Axes
   734 | D:2      | Reached XP level 3. HP: 28/33 MP: 2/2
   769 | D:2      | Reached ** piety under Trog
  1158 | D:2      | Reached XP level 4. HP: 41/41 MP: 3/3
  1815 | D:2      | Reached skill level 5 in Axes
  2008 | D:3      | Reached XP level 5. HP: 45/47 MP: 4/4
  2059 | D:3      | Reached *** piety under Trog
  2697 | D:4      | Noticed Blork the orc
  2707 | D:4      | Killed Blork the orc
  2707 | D:4      | Reached skill level 6 in Axes
  3099 | D:4      | Reached skill level 5 in Fighting
  3099 | D:4      | Reached XP level 6. HP: 28/56 MP: 5/5
  3281 | D:4      | Reached skill level 1 in Stealth
  3487 | D:4      | Found Agymuko's Food Emporium.
  3700 | D:5      | Entered Level 5 of the Dungeon
  3719 | D:5      | Reached XP level 7. HP: 61/61 MP: 6/6
  3803 | D:5      | Reached skill level 5 in Armour
  3876 | D:5      | Reached skill level 7 in Axes
  4210 | D:5      | Reached **** piety under Trog
  4474 | D:5      | Found a shimmering altar of Xom.
  4505 | D:6      | Noticed Prince Ribbit
  4506 | D:6      | Reached XP level 8. HP: 65/70 MP: 7/7
  4514 | D:6      | Killed Prince Ribbit
  4514 | D:6      | Reached skill level 8 in Axes
  4817 | D:6      | Reached skill level 9 in Axes
  5444 | D:6      | Reached skill level 10 in Axes
  5444 | D:6      | Reached XP level 9. HP: 79/79 MP: 8/8
  5747 | D:7      | Reached skill level 5 in Dodging
  5758 | D:7      | Reached ***** piety under Trog
  5887 | D:7      | Received a gift from Trog
  5983 | D:7      | Found a staircase to the Ecumenical Temple.
  6008 | D:7      | Reached skill level 11 in Axes
  6411 | D:8      | Reached skill level 1 in Shields
  6752 | D:8      | Reached XP level 10. HP: 85/88 MP: 9/9
  6799 | D:8      | Noticed Cecillian's ghost (novice DsHu)
  6814 | D:8      | Killed Cecillian's ghost
  6922 | D:8      | Found Fazad's Food Shop.
  7065 | D:9      | Found a staircase to the Lair.
  7066 | D:9      | Noticed an elephant
  7070 | D:9      | Noticed Pikel
  7071 | D:9      | Reached skill level 12 in Axes
  7079 | D:9      | Killed Pikel
  7081 | D:9      | Killed an elephant
  7502 | D:9      | Noticed Grum
  7513 | D:9      | Killed Grum
  7513 | D:9      | Reached skill level 13 in Axes
  7557 | D:9      | Reached skill level 10 in Armour
  8165 | D:10     | Entered Level 10 of the Dungeon
  8324 | D:10     | Found a staircase to the Orcish Mines.
  8339 | D:10     | Reached XP level 11. HP: 79/97 MP: 10/10
  8373 | D:10     | Noticed Gastronok
  8390 | D:10     | Killed Gastronok
  8462 | D:10     | Noticed a catoblepas
  8492 | D:10     | Mangled by a catoblepas

Vault maps used:
D:1:      ncdulo_halloftheorcs, minmay_misc_feat_iff
D:2:      first_bread, serial_forest, infiniplex_forest_clump_double,
          infiniplex_forest_corner_1, infiniplex_forest_lined_room_3,
          infiniplex_forest_lined_3, infiniplex_forest_lined_3,
          infiniplex_forest_clump_medium, infiniplex_forest_clump_cross,
          infiniplex_forest_clump_C, infiniplex_forest_split
D:3:      minmay_surrounded
D:4:      minmay_shop_grid_forest, uniq_blork_the_orc
D:5:      kennysheep_mini, goddamned_bats
D:6:      minivault_23, uniq_prince_ribbit1
D:7:      temple_doors_e
D:8:      serial_shops, kennysheep_little_box
D:9:      david_lair_generic, uniq_grum, uniq_pikel
D:10:     nzn_motion_control, orc_0_dummy, uniq_sonja, uniq_gastronok,
          uniq_harold

Skill      XL: |  1  2  3  4  5  6  7  8  9 10 |
---------------+-------------------------------+-----
Fighting       | 4 5 7 8 9 |  9.7
Axes           | 4 5 6 7 10 11 13 | 13.8
Armour         | 3 4 5 7 8 10 | 10.7
Dodging        | 3 4 5 |  5.8
Stealth        | 1 |  1.8
Shields        | 1 3 |  3.6

Action                   |  1- 3 |  4- 6 |  7- 9 | 10-12 || total
-------------------------+-------+-------+-------+-------++-------
Melee: Hand axe          |    84 |   162 |       |       ||   246
       Headbutt          |    14 |    48 |    34 |    19 ||   115
       War axe           |       |    43 |   243 |    93 ||   379
Invok: Berserk           |       |     1 |     1 |     2 ||     4
  Use: Scroll            |       |       |    13 |     1 ||    14
 Stab: Sleeping          |     1 |       |       |       ||     1
  Eat: Chunk             |       |     2 |     4 |       ||     6
       Bread ration      |       |     2 |     1 |       ||     3
       Meat ration       |       |       |     2 |     1 ||     3
       Fruit             |       |       |       |     1 ||     1
Armor: Animal skin       |     4 |       |       |       ||     4
       Ring mail         |    23 |    38 |       |       ||    61
       Scale mail        |       |    10 |    82 |       ||    92
       Plate armour      |       |       |    22 |    71 ||    93
Dodge: Dodged            |    61 |   108 |   177 |    48 ||   394
Block: Buckler           |       |       |    20 |    25 ||    45
